 Dungeon Crawl Stone Soup version 0.17-a0-1475-g9f81d98 (webtiles) character file.

603 hexophile the Magician (level 7, -5/55 HPs)
             Began as a Naga Wizard on July 3, 2015.
             Engulfed by a steam dragon's steam (11 damage)
             ... on level 5 of the Dungeon.
             The game lasted 00:09:24 (3682 turns).

hexophile the Magician (Naga Wizard)                Turns: 3682, Time: 00:09:24

Health: -5/55      AC: 11    Str: 17    XL:     7   Next: 42%
Magic:  0/15       EV: 10    Int: 20    God:
Gold:   195        SH:  0    Dex:  9    Spells: 5 memorised, 5 levels left

rFire  . . .     SeeInvis +     s - +2 mace (protect)
rCold  . . .     Clarity  .     a - +0 robe
rNeg   . . .     SustAt   .     (no shield)
rPois  +         Gourm    .     b - +0 hat
rElec  .         Spirit   .     g - +2 cloak {+Inv}
rCorr  .         Warding  .     (no gloves)
rMut   .         Stasis   .     (no barding)
MR     .....                    (no amulet)
Stlth  ++........               r - +2 ring of strength
                                e - +5 ring of strength

@: very slow, not resistant to hostile enchantments, unstealthy
A: see invisible, deformed body, poison resistance, slowness 2, slow metabolism
1, spit poison 2, AC +2
a: Spit Poison, Evoke Invisibility


You were on level 5 of the Dungeon.
You were not hungry.

You visited 1 branch of the dungeon, and saw 5 of its levels.

You collected 195 gold pieces.

Inventory:

Hand weapons
 k - a +2 whip of flaming
 s - a +2 mace of protection (weapon)
Missiles
 h - 15 stones (quivered)
Armour
 a - a +0 robe (worn)
 b - a +0 hat (worn)
 g - a +2 cloak of invisibility (worn)
Jewellery
 e - a +5 ring of strength (left hand)
 r - a +2 ring of strength (right hand)
Magical devices
 f - a wand of random effects (5)
 l - a wand of slowing (31)
 q - a wand of lightning (10)
Scrolls
 m - a scroll of amnesia
 n - a scroll of immolation
 p - a scroll of identify {unknown}
 u - a scroll of random uselessness {unknown}
Potions
 o - a potion of curing
Books
 c - a book of Minor Magic

   Spells                             Type                      Level
   a - Magic Dart                     Conjuration                  1
   b - Blink                          Translocation                2
   c - Call Imp                       Summoning                    2
   d - Repel Missiles                 Charms/Air                   2
   e - Slow                           Hexes                        2
   f - Conjure Flame                  Conjuration/Fire             3
   g - Mephitic Cloud                 Conjuration/Poison/Air       3
Comestibles
 d - 4 bread rations
 i - 7 fruits
 j - a meat ration
 t - a slice of pizza


   Skills:
 + Level 3.1 Dodging
 - Level 3.0 Stealth
 * Level 5.4 Spellcasting
 * Level 4.8 Conjurations
   Level 1.0 Summonings
 - Level 1.0 Translocations


You had 5 spell levels left.
You knew the following spells:

 Your Spells              Type           Power        Failure   Level  Hunger
a - Magic Dart            Conj           ###.         1%          1    None
b - Blink                 Tloc           N/A          14%         2    None
c - Conjure Flame         Conj/Fire      ###.....     14%         3    ##.....
d - Mephitic Cloud        Conj/Pois/Air  ##......     21%         3    ##.....
e - Repel Missiles        Chrm/Air       #.....       21%         2    None


Dungeon Overview and Level Annotations

Branches:
Dungeon (5/15)
 Temple: D:4-7

Altars:
Makhleb
Qazlal
Ru
Sif Muna
Yredelemnul


Innate Abilities, Weirdness & Mutations

You cannot wear boots.
Your serpentine skin is tough (AC +2).
You have supernaturally acute eyesight.
Armour fits poorly on your strangely shaped body.
Your system is resistant to poisons.
You cover ground very slowly.
You have a slow metabolism.
You can spit poison.


Message History

The steam dragon bites you but does no damage.
The steam dragon claws you but does no damage.
Casting: Magic Dart
Confirm with . or Enter, or press ? or * to list all spells.
Aiming: Magic Dart
Press: ? - help, Shift-Dir - straight line, f/p - steam dragon
Aim: a steam dragon (heavily wounded)
The magic dart hits the steam dragon.
The steam dragon is severely wounded.
The steam dragon breathes steam at you. The ball of steam hits you!
* * * LOW HITPOINT WARNING * * *
Read which item? (? for menu, Esc to quit)
As you read the scroll labeled RABRORPH HOIPEB, it crumbles to dust.
Forget which spell ([?*] list [ESC] exit)?
Forget which spell ([?*] list [ESC] exit)?
Okay, then.
It was a scroll of amnesia.
You are engulfed in a cloud of scalding steam.
You die...

#..# #P.P# #.##
#P.P# #.# ##P.# ##)#
#^.# #..# #P.## #.##
#≈.P# ##.# #...#
#..# #..P# ##.##
#.@D# ####..# #P§.#
.....### #PD.#
..###..# #.....#
#...#.## #≈^≈.PP#
#....# #^.......
#....## #.≈....≈P#
##....### #PP.....##
#..###...####.P..≈≈#


You could see 2 steam dragons.

Vanquished Creatures
  The ghost of Ajdolov the Magician, an average TeMo (D:3)
  A centaur (D:5)
  2 orc priests
  Jessica (D:2)
  A worker ant (D:3)
  An iguana (D:4)
  An orc wizard (D:3)
  4 adders
  4 gnolls (D:3)
  2 river rats (D:3)
  A shadow imp (D:4)
  An ooze (D:2)
  6 giant geckos
  8 orcs
  10 goblins
  11 hobgoblins
  9 bats
  4 giant cockroaches
  5 giant newts
  8 kobolds
  A quokka (D:3)
  11 rats
93 creatures vanquished.

Vanquished Creatures (others)
  A fungus (D:5)
1 creature vanquished.

Grand Total: 94 creatures vanquished

Notes
Turn   | Place    | Note
--------------------------------------------------------------
     0 | D:1      | hexophile the Naga Wizard began the quest for the Orb.
     0 | D:1      | Reached XP level 1. HP: 15/15 MP: 4/4
   243 | D:1      | Reached XP level 2. HP: 22/22 MP: 3/6
   726 | D:2      | Reached XP level 3. HP: 28/28 MP: 3/7
   733 | D:2      | Learned a level 2 spell: Blink
   737 | D:2      | Learned a level 3 spell: Conjure Flame
   749 | D:2      | Noticed Jessica
   753 | D:2      | Killed Jessica
   802 | D:2      | Found a sacrificial altar of Ru.
   886 | D:2      | Reached XP level 4. HP: 36/36 MP: 6/9
   920 | D:2      | Found a deep blue altar of Sif Muna.
   921 | D:2      | Found a burning altar of Makhleb.
  1014 | D:2      | Learned a level 3 spell: Mephitic Cloud
  1104 | D:2      | Found a basalt altar of Yredelemnul.
  1108 | D:2      | Found a stormy altar of Qazlal.
  1266 | D:3      | Reached skill level 4 in Spellcasting
  1442 | D:3      | Reached XP level 5. HP: 31/42 MP: 3/11
  1613 | D:3      | Noticed Ajdolov's ghost (average TeMo)
  1637 | D:3      | Killed Ajdolov's ghost
  1637 | D:3      | Reached XP level 6. HP: 11/49 MP: 1/13
  2715 | D:3      | Reached skill level 5 in Spellcasting
  2715 | D:3      | Reached XP level 7. HP: 14/55 MP: 1/14
  2819 | D:4      | Learned a level 2 spell: Repel Missiles
  3210 | D:5      | Entered Level 5 of the Dungeon
  3662 | D:5      | Noticed a steam dragon
  3666 | D:5      | Noticed a steam dragon
  3682 | D:5      | Engulfed by a steam dragon's steam

Vault maps used:
D:1:      dpeg_arrival_short_road
D:2:      nicolae_overflow_hidden_temple, nicolae_ru_sacrificial_ziggurat,
          first_bread, uniq_jessica
D:3:      gup_sewer_entry_bubbles
D:4:      kennysheep_generic_room_7
D:5:      kennysheep_steamy, slow_altar_2

Action                   |  1- 3 |  4- 6 |  7- 9 || total
-------------------------+-------+-------+-------++-------
Melee: Unarmed           |     4 |       |       ||     4
       Dagger            |     9 |     4 |       ||    13
       Whip              |       |    56 |       ||    56
       Mace              |       |    32 |     8 ||    40
 Cast: Magic Dart        |    49 |    83 |    66 ||   198
       Mephitic Cloud    |       |     4 |     1 ||     5
       Conjure Flame     |       |     1 |     2 ||     3
       Repel Missiles    |       |       |     1 ||     1
 Abil: Spit Poison       |     5 |     7 |     1 ||    13
  Use: Scroll            |     2 |     2 |     1 ||     5
       Potion            |       |       |     3 ||     3
 Stab: Sleeping          |       |     4 |       ||     4
       Confused          |       |     1 |       ||     1
  Eat: Chunk             |       |     5 |     3 ||     8
